 Dungeon Crawl Stone Soup version 0.18.1-6-gd335043 (webtiles) character file.

22 mopl the Sneak (level 2, 0/20 HPs)
             Began as a Vampire Transmuter on May 16, 2016.
             Slain by a jackal (1 damage)
             ... on level 2 of the Dungeon.
             The game lasted 00:01:17 (923 turns).

mopl the Sneak (Vampire Transmuter)                  Turns: 923, Time: 00:01:18

Health: 0/20       AC:  2    Str:  9    XL:     2   Next: 68%
Magic:  1/5        EV: 12    Int: 15    God:
Gold:   71         SH:  0    Dex: 14    Spells: 2 memorised, 2 levels left

rFire  . . .     SeeInvis +     i - +0 short sword
rCold  . . .     Gourm    .     b - +0 robe
rNeg   + . .     Faith    .     (no shield)
rPois  .         Spirit   .     (no helmet)
rElec  .         Dismiss  .     (no cloak)
rCorr  .         Reflect  .     (no gloves)
SustAt .         Harm     .     (no boots)
MR     .....                    (no amulet)
Stlth  +++.......               (no ring)
                                (no ring)

@: very slightly contaminated, not resistant to hostile enchantments, fairly
stealthy
A: fangs 3, see invisible, unbreathing
a: no special abilities


You were on level 2 of the Dungeon.
You were not thirsty.

You visited 1 branch of the dungeon, and saw 2 of its levels.

You collected 71 gold pieces.

Inventory:

Hand Weapons
 f - a +0 dagger
 i - a +0 short sword (weapon)
Missiles
 a - 12 arrows
Armour
 b - a +0 robe (worn)
Scrolls
 h - a scroll of random uselessness {unknown}
 j - a scroll of amnesia {unknown}
 k - a scroll of magic mapping {unknown}
 o - a scroll of teleportation {unknown}
Potions
 d - a potion of blood
 e - a potion of invisibility {unknown}
 g - 2 potions of degeneration {unknown}
 l - 2 potions of curing {unknown}
 m - a potion of haste {unknown}
 n - a potion of mutation {unknown}
 p - a potion of ambrosia {unknown}
Books
 c - a book of Changes

   Spells                             Type                      Level
   a - Beastly Appendage              Transmutation                1
   b - Sticks to Snakes               Transmutation                2
   c - Spider Form                    Transmutation/Poison         3
   d - Ice Form                       Ice/Transmutation            4
   e - Blade Hands                    Transmutation                5


   Skills:
 - Level 0.8 Fighting
 - Level 2.1 Dodging
 + Level 4.0 Stealth
 - Level 3.2 Unarmed Combat
 - Level 2.0 Spellcasting
 - Level 2.1 Transmutations


You had 2 spell levels left.
You knew the following spells:

 Your Spells              Type           Power        Failure   Level  Hunger
a - Beastly Appendage     Trmt           #.....       12%         1    #......
w - Sticks to Snakes      Trmt           #.......     14%         2    ###....


Dungeon Overview and Level Annotations

Branches:
Dungeon (2/15)

Altars:


Innate Abilities, Weirdness & Mutations

You have razor-sharp teeth.
You have supernaturally acute eyesight.
You can survive without breathing.


Message History

You miscast Sticks to Snakes.
Strange energies run through your body. The jackal bites you.
* * * LOW HITPOINT WARNING * * *
The jackal bites you.
* * * LOW HITPOINT WARNING * * *
You hit the jackal but do no damage. The jackal misses you.
You hit the jackal.
The jackal is heavily wounded.
The jackal bites you but does no damage.
The jackal misses you.
You barely miss the jackal.
The jackal is heavily wounded.
The jackal closely misses you.
You hit the jackal.
The jackal is heavily wounded.
The jackal closely misses you. The jackal misses you.
You hit the jackal. Your punch misses the jackal.
The jackal is almost dead.
The jackal bites you.
You die...

###.# #.#.##.........
#.# #..............#
#.#
#######.###.........#
###.#
#.......###.........#
....#
#........#####+######
##### #........#
#........##
#.).......#
#.......#@#
#.......#h##
#########r.#
############.#
.............##
..............#
............).#
...............#
.............#.#


You could see a jackal and a rat.

Vanquished Creatures
  A dart slug (D:1)
  5 bats
  5 goblins
  2 hobgoblins
  A jackal (D:2)
  A kobold (D:1)
  4 rats
19 creatures vanquished.

Notes
Turn   | Place    | Note
--------------------------------------------------------------
     0 | D:1      | mopl the Vampire Transmuter began the quest for the Orb.
     0 | D:1      | Reached XP level 1. HP: 14/14 MP: 3/3
     9 | D:1      | Reached skill level 1 in Stealth
   156 | D:1      | Reached skill level 2 in Stealth
   230 | D:1      | Reached XP level 2. HP: 13/20 MP: 5/5
   234 | D:1      | Learned a level 2 spell: Sticks to Snakes
   251 | D:1      | Reached skill level 3 in Stealth
   916 | D:2      | Reached skill level 4 in Stealth
   918 | D:2      | HP: 1/20 [jackal (1)]
   923 | D:2      | Slain by a jackal

Skill      XL: |  1  2 |
---------------+-------+-----
Stealth        | 2 4 |  4.0
Fighting       | |  0.8
Dodging        | |  2.1
Unarmed Combat | |  3.2
Spellcasting   | |  2.0
Transmutations | |  2.1

Action                   || total
-------------------------++-------
Melee: Dagger            ||     9
       Unarmed           ||     6
       Short sword       ||    44
       Bite              ||     2
       Punch             ||     1
 Stab: Sleeping          ||     2
Armor: Robe              ||    15
Dodge: Dodged            ||    44
